Map: El Dorado

Players

Xurran - Winner!

  • Race: Zerg Zerg
  • League: Gold
  • Spawn Location: 7:00

GangusKaun

  • Race: Protoss Protoss
  • League: Gold
  • Spawn Location: 5:00

VOD

Have the link to the VOD?

Description

Time

  • Played on: Dec. 4, 2024, 7:27 p.m.
  • Length: 14:30
Show
View Real Time Build Order
Export as new Build Order

Xurran Zerg - Winner!

Build Orders: Pool First, Roach Hydra 

Get SALT Encoding   

  12  0:05  Drone  
  13  0:21  Drone  
  14  0:25  Drone, Extractor  
  14  0:26  Extractor  
  14  0:27  Drone  
  16  0:39  Spawning Pool  
  15  0:45  Overlord  
  15  1:00  Extractor  
  15  1:03  Drone x2  
  16  1:18  Drone, Hatchery  
  16  1:22  Drone  
  17  1:26  Drone  
  18  1:36  Drone  
  19  1:43  Queen  
  21  1:47  Drone  
  22  2:18  Roach Warren, Hatchery  
  20  2:23  Drone  
  20  2:24  Drone  
  22  2:31  Overlord  
  22  2:35  Drone  
  23  2:42  Drone  
  24  2:49  Queen  
  26  2:53  Drone  
  27  3:02  Extractor  
  27  3:04  Lair  
  26  3:08  Drone  
  27  3:13  Drone  
  28  3:23  Zergling x2  
  29  3:34  Evolution Chamber  
  28  3:35  Evolution Chamber, Drone x2  
  28  3:36  Drone x2  
  31  3:41  Drone x2  
  31  3:46  Queen  
  35  3:49  Drone  
  35  3:52  Drone  
  35  3:54  Drone  
  38  3:59  Drone  
  38  4:01  Drone  
  40  4:03  Overlord  
  40  4:08  Zerg Missile Weapons Level 1  
  40  4:12  Glial Reconstitution  
  40  4:23  Drone x5  
  40  4:24  Drone  
  46  4:28  Roach  
  46  4:30  Roach  
  50  4:35  Overlord  
  50  4:41  Zerg Ground Armor Level 1  
  49  4:51  Overlord x2  
  49  4:54  Drone x3  
  49  4:55  Drone x2  
  49  4:59  Drone x3  
  57  5:02  Drone  
  57  5:05  Extractor  
  57  5:07  Queen, Extractor  
  57  5:12  Drone  
  59  5:14  Drone  
  59  5:16  Queen  
  63  5:21  Drone x3  
  63  5:22  Drone  
  66  5:29  Drone x3  
  69  5:48  Roach  
  69  5:49  Roach  
  73  5:51  Overlord x3  
  73  5:58  Drone  
  73  5:59  Overlord x3  
  73  6:03  Overseer  
  76  6:18  Roach x3  
  76  6:24  Infestation Pit  
  79  6:29  Spore Crawler  
  79  6:31  Overlord  
  78  6:33  Roach  
  78  6:34  Roach x5  
  94  6:47  Roach x3  
  94  6:51  Roach x3  
  94  6:54  Zerg Missile Weapons Level 2  
  102  6:55  Zerg Ground Armor Level 2  
  102  7:02  Spire, Drone  
  102  7:03  Drone x2  
  102  7:07  Spore Crawler, Drone x2  
  105  7:10  Spore Crawler  
  104  7:16  Roach x3  
  104  7:18  Hydralisk Den  
  104  7:19  Overseer  
  104  7:20  Overseer  
  109  7:29  Extractor, Drone x2  
  110  7:30  Drone  
  110  7:31  Extractor  
  110  7:46  Zergling x2  
  110  7:47  Zergling x6  
  114  7:52  Overlord x4  
  114  8:01  Overlord  
  114  8:02  Overlord x2  
  114  8:11  Grooved Spines  
  114  8:13  Zergling x6  
  114  8:16  Hydralisk x4  
  125  8:33  Hatchery  
  124  8:43  Hatchery  
  124  8:46  Metabolic Boost  
  123  8:48  Hive  
  123  8:53  Zergling x8  
  127  8:58  Zergling x2  
  127  8:59  Zergling x10  
  127  9:02  Muscular Augments  
  133  9:11  Zerg Melee Weapons Level 1  
  86  9:49  Zergling x14  
  93  9:54  Hydralisk  
  93  9:55  Hydralisk x8  
  93  9:58  Drone  
  93  9:59  Queen  
  116  10:14  Roach x5  
  116  10:15  Roach x3  
  116  10:18  Zergling x4  
  104  12:00  Zergling x2  
  104  12:01  Zergling x20  
  113  12:05  Zergling x2  
  113  12:06  Zergling x24  
  113  12:07  Zergling x2  
  113  12:08  Zergling x4  
  131  12:10  Hydralisk  
  131  12:11  Hydralisk x14  
  157  13:13  Overlord x2  
Show
View Real Time Build Order
Export as new Build Order

GangusKaun Protoss 

Build Orders: 1 Gate Expand 

Get SALT Encoding   

  12  0:01  Probe  
  13  0:19  Pylon  
  13  0:21  Probe  
  14  0:34  Probe  
  15  0:40  Gateway  
  15  0:46  Probe  
  16  0:50  Assimilator  
  16  1:01  Probe  
  17  1:15  Probe  
  18  1:27  Probe  
  18  1:30  Nexus  
  19  1:39  Probe  
  20  1:46  Assimilator  
  20  2:03  Cybernetics Core  
  20  2:06  Gateway  
  20  2:11  Probe  
  21  2:23  Probe  
  22  2:36  Probe  
  23  2:39  Warp Gate  
  23  2:43  Probe  
  23  2:44  Pylon  
  23  2:48  Probe  
  23  2:51  Probe  
  26  3:00  Adept  
  28  3:10  Adept  
  30  3:17  Stargate  
  30  3:30  Pylon  
  30  3:33  Probe x2  
  32  3:45  Nexus  
  32  3:50  Gateway  
  33  3:55  Probe x2  
  33  4:01  Adept  
  38  4:06  Sentry  
  38  4:09  Probe  
  40  4:10  Probe  
  40  4:21  Twilight Council  
  40  4:22  Probe x2  
  42  4:25  Forge  
  41  5:01  Pylon, Probe  
  41  5:05  Stalker x3  
  48  5:07  Probe x2  
  48  5:08  Oracle  
  53  5:18  Probe  
  53  5:19  Probe  
  55  5:29  Probe  
  55  5:30  Probe  
  55  5:31  Probe  
  58  5:36  Gateway  
  58  5:37  Gateway  
  58  5:41  Probe  
  59  5:44  Probe x2  
  61  5:50  Gateway  
  61  5:52  Pylon  
  61  5:53  Probe  
  61  5:54  Assimilator  
  61  5:56  Probe  
  63  5:57  Probe  
  63  6:00  Assimilator  
  64  6:05  Probe  
  64  6:08  Probe  
  64  6:09  Probe  
  71  6:13  Void Ray  
  71  6:17  Probe  
  72  6:19  Protoss Ground Weapons Level 1  
  72  6:21  Probe x2  
  72  6:22  Charge  
  72  6:23  Assimilator  
  74  6:48  Pylon  
  74  6:50  Pylon  
  74  6:54  Probe x3  
  81  7:03  Void Ray  
  81  7:22  Probe x2  
  83  7:24  Probe  
  84  7:33  Zealot x4  
  84  7:34  Zealot x2, Probe x2  
  98  7:45  Dark Shrine  
  98  7:51  Templar Archives, Probe x2  
  100  7:53  Shield Battery, Pylon  
  100  8:05  Shield Battery  
  100  8:06  Assimilator  
  100  8:07  Probe  
  100  8:11  Probe  
  102  8:13  Gateway  
  102  8:16  Pylon  
  102  8:21  Probe x2  
  104  8:29  Probe  
  104  8:33  Probe  
  106  9:04  Probe x2  
  106  9:05  Probe  
  105  9:16  Probe  
  96  9:20  Dark Templar  
  96  9:21  Dark Templar x5  
  92  9:47  Gateway x2  
  92  9:49  Gateway  
  92  9:50  Shield Battery  
  92  9:54  Shield Battery  
  92  9:59  Photon Cannon x2  
  92  10:01  Stargate, Probe x3  
  95  10:17  Archon  
  95  10:19  Archon  
  95  10:27  Void Ray  
  99  10:34  Forge  
  99  10:42  Pylon  
  95  10:43  Pylon  
  78  11:00  Zealot x2  
  78  11:01  Zealot x2  
  82  11:09  Robotics Facility  
  82  11:10  Photon Cannon  
  76  11:11  Photon Cannon  
  76  11:13  Photon Cannon  
  76  11:15  Photon Cannon  
  61  11:38  Dark Templar x3  
  61  11:39  Dark Templar x3  
  80  11:40  Void Ray x2  
  80  11:44  Nexus  
  77  11:47  Pylon  
  77  11:49  Pylon  
  77  11:51  Pylon  
  66  12:13  Stalker x3  
  54  12:32  Gateway  
  54  12:33  Gateway x2, Photon Cannon  
  54  12:34  Photon Cannon  
  54  12:36  Photon Cannon x2  
  28  12:48  Dark Templar x2  
  28  12:52  Void Ray  
  28  12:57  Psionic Storm  
  28  13:04  Void Ray  
  15  13:38  Dark Templar  
  15  13:39  Dark Templar x2  
  21  13:42  Probe x2  
  23  13:54  Nexus, Probe x2  
  19  14:06  Probe x2  
Tags
 
Add a new tag
Caveats
  • Supply blocks, unpowered buildings, or Contaminate may cause inaccurate times.
  • Supply counts are checked every 10 seconds.